 Dungeon Crawl Stone Soup version 0.21.1-1-g345015fe64 (webtiles) character file.

17497 BorisKarlOrff the Spear-Bearer (level 12, -7/165 HPs)
             Began as a Minotaur Berserker on Apr 7, 2018.
             Was a High Priest of Trog.
             Mangled by a sun demon (18 damage)
             ... summoned by an orc high priest
             ... on level 2 of the Orcish Mines.
             The game lasted 00:30:16 (8480 turns).

BorisKarlOrff the Spear-Bearer (Minotaur Berserker) Turns: 8480, Time: 00:30:18

Health: -7/165     AC: 25    Str: 31    XL:     12   Next: 19%
Magic:  0/11       EV: 14    Int: 12    God:    Trog [*****.]
Gold:   1159       SH:  0    Dex: 11    Spells: 11/11 levels left

rFire    . . .     SeeInvis +   a - +5 trident "Qiachom" {flame, +Inv rC- Int+6}
rCold    . . .     Gourm    .   (no shield)
rNeg     . . .     Faith    .   o - +0 plate armour
rPois    .         Spirit   +   D - +2 hat {SInv}
rElec    +         Reflect  .   m - +1 cloak of Starlight {rElec rC+ EV+4 Stlth--}
rCorr    +         Harm     .   h - +2 pair of gloves
MR       .....                  y - +1 pair of boots
Stlth    ..........             g - amulet of guardian spirit
HPRegen  0.37/turn              i - ring of resist corrosion
MPRegen  0.12/turn              k - +2 ring of intelligence

@: berserking, very quick
A: retaliatory headbutt, horns 2
a: Berserk, Trog's Hand, Brothers in Arms, Burn Spellbooks, Renounce Religion,
Evoke Invisibility


You were on level 2 of the Orcish Mines.
You worshipped Trog.
Trog was extremely pleased with you.
You were full.

You visited 2 branches of the dungeon, and saw 12 of its levels.

You collected 1159 gold pieces.

Inventory:

Hand Weapons
 a - the +5 trident "Qiachom" (weapon) {flame, +Inv rC- Int+6}
   (You found it on level 5 of the Dungeon)

   It has been specially enchanted to burn those struck by it, causing extra
   injury to most foes and up to half again as much damage against particularly
   susceptible opponents.
   It affects your intelligence (+6).
   It makes you vulnerable to cold.
   It lets you turn invisible.
 b - the +5 quarterstaff of Kaequ {vamp, Str+3 Int+3}
   (You found it on level 10 of the Dungeon)

   It inflicts no extra harm, but heals its wielder when it wounds a living foe.
   It affects your strength (+3).
   It affects your intelligence (+3).
 B - a +0 dire flail of venom
 F - a +3 trident of venom
Armour
 f - a scarf of repulsion
 h - a +2 pair of gloves (worn)
 m - the +1 cloak of Starlight (worn) {rElec rC+ EV+4 Stlth--}
   (You found it on level 5 of the Dungeon)

   It affects your evasion (+4).
   It protects you from cold.
   It insulates you from electricity.
   It makes you much less stealthy.
 o - a +0 plate armour (worn)
 w - a scarf of cloud immunity
 y - a +1 pair of boots (worn)
 D - a +2 hat of see invisible (worn)
Jewellery
 e - an uncursed amulet of faith
 g - an amulet of guardian spirit (around neck)
 i - a ring of resist corrosion (left hand)
 k - a +2 ring of intelligence (right hand)
Wands
 d - a wand of iceblast (19)
 G - a wand of digging (8)
Scrolls
 l - a scroll of fear
 r - a scroll of fog
 t - 2 scrolls of remove curse
 x - 3 scrolls of teleportation
 z - 2 scrolls of blinking
Potions
 p - a potion of invisibility {unknown}
 q - a potion of might
 s - 3 potions of haste
 u - a potion of flight {unknown}
 v - a potion of berserk rage {unknown}
 A - a potion of agility {unknown}
 C - a potion of resistance {unknown}
 H - a potion of degeneration {unknown}
Comestibles
 c - 6 rations


   Skills:
 + Level 11.6 Fighting
   Level 8.7(12.9) Axes
 + Level 6.5(8.6) Maces & Flails
 + Level 13.8(14.7) Polearms
 + Level 0.6(10.1) Staves
 + Level 11.4 Armour
 + Level 3.6 Dodging
 + Level 1.1 Stealth
 + Level 0.6 Evocations


You had 11 spell levels left.
You didn't know any spells.

Dungeon Overview and Level Annotations

Branches:
Dungeon (10/15)            Temple (0/1) D:6             Orc (2/2) D:9
   Lair: D:8-11         Elf: Orc:2

Altars:
Ashenzari
Cheibriados
Dithmenos
Elyvilon
Fedhas
Hepliaklqana
Kikubaaqudgha
Vehumet

Shops:
D:10 *   Orc:2 ([


Innate Abilities, Weirdness & Mutations

You reflexively headbutt those who attack you in melee.
You have a pair of horns on your head.


Message History

Things that are here:
a long sword; a chain mail; 57 gold pieces You hit the orc high priest but do no damage.
You closely miss the orc high priest. The sun demon closely misses you.
The ice devil closely misses you.
The orc warrior hits you but does no damage.
The ice devil hits you.
* * * LOW HITPOINT WARNING * * *
The ice devil freezes you!
* * * LOW HITPOINT WARNING * * *
You hit the orc high priest. You burn the orc high priest.
The orc high priest is lightly wounded.
The orc high priest hits you but does no damage.
You hit the orc high priest. You burn the orc high priest.
You headbutt the orc high priest.
The orc high priest is moderately wounded.
The sun demon hits you!
* * * LOW HITPOINT WARNING * * *
You are engulfed in flames!!
You die...

##.....)..# ......# #
##.........## ........
##.#...........# .........
#.........#....#......#...
#.......##...............
#....$.###....... .#.....
##......###.......
#.#$..4##.<.#.... #
##..3@o...#...
#....4.o...# ##........##
##......#.# .......#. .#
.###....... .. . .........
P ...<....... ..#
..........


You could see an orc high priest, a sun demon, 2 ice devils and an orc warrior.

Vanquished Creatures
  Gastronok (D:9)
  The ghost of deszczowiec the Fighter, a journeyman HOCK of Xom (Orc:2)
  2 orc warlords
  Erolcha (D:10)
  A two-headed ogre (D:7)
  An orc knight (Orc:2)
  3 orc sorcerers (Orc:2)
  Maurice (D:10)
  2 trolls
  A vampire (D:7)
  A yak (D:7)
  Grum (D:8)
  3 hogs (D:7)
  A human (D:7)
  2 steam dragons
  4 wargs
  Menkaure (D:6)
  3 hungry ghosts
  2 sky beasts
  A hornet zombie (D:9)
  2 ice beasts (D:8)
  2 phantoms (D:7)
  11 orc warriors
  12 ogres
  3 wolves (D:8)
  4 centaurs
  A big kobold (D:7)
  3 scorpions
  A howler monkey (D:6)
  5 wights (D:10)
  7 electric eels (D:10)
  5 crimson imps
  2 bullfrog zombies
  7 hounds
  2 bullfrog skeletons (D:9)
  2 jellies
  7 orc priests
  5 iguanas
  10 orc wizards
  7 worker ants
  A hound skeleton (D:4)
  2 worker ant zombies
  11 adders
  A howler monkey skeleton (D:5)
  11 river rats (D:6)
  3 shadow imps
  2 adder skeletons
  An adder zombie (D:8)
  A worm (D:2)
  4 dart slugs
  6 leopard geckos
  59 orcs
  4 giant cockroaches
  4 goblins
  5 hobgoblins
  8 jackals
  2 quokkas
  A ball python (D:3)
  9 bats
  6 frilled lizards
  A jackal skeleton (D:6)
  11 kobolds
  A leopard gecko skeleton (D:4)
  2 leopard gecko zombies
  15 rats
302 creatures vanquished.

Vanquished Creatures (collateral kills)
  A stone giant (Orc:2)
  An orc high priest (Orc:2)
  7 orc warriors
  An ogre (Orc:2)
  4 orc wizards
  6 orc priests
  17 orcs
37 creatures vanquished.

Vanquished Creatures (others)
  16 fungi (Orc:2)
16 creatures vanquished.

Grand Total: 355 creatures vanquished

Notes
Turn   | Place    | Note
-------+----------+-------------------------------------------
     0 | D:1      | BorisKarlOrff the Minotaur Berserker began the quest for the Orb.
     0 | D:1      | Reached XP level 1. HP: 19/19 MP: 0/0
   164 | D:1      | Reached XP level 2. HP: 26/27 MP: 1/1
   730 | D:2      | Reached XP level 3. HP: 29/33 MP: 2/2
   750 | D:2      | Found a shadowy altar of Dithmenos.
   765 | D:2      | Reached ** piety under Trog
  1245 | D:2      | Reached XP level 4. HP: 40/40 MP: 3/3
  1345 | D:2      | Reached skill level 5 in Axes
  1413 | D:2      | You fall through a shaft!
  1497 | D:3      | Found a blossoming altar of Fedhas.
  1497 | D:3      | Found an ancient bone altar of Kikubaaqudgha.
  1499 | D:3      | Found a white marble altar of Elyvilon.
  1816 | D:3      | Reached XP level 5. HP: 46/47 MP: 2/4
  2139 | D:4      | Noticed an orc warrior
  2147 | D:4      | Killed an orc warrior
  2153 | D:4      | Reached XP level 6. HP: 41/53 MP: 3/5
  2666 | D:5      | Entered Level 5 of the Dungeon
  2686 | D:5      | Reached skill level 5 in Armour
  2731 | D:5      | Reached XP level 7. HP: 36/60 MP: 4/6
  2740 | D:5      | Noticed a hungry ghost
  2750 | D:5      | Killed a hungry ghost
  2750 | D:5      | Reached skill level 5 in Fighting
  2808 | D:5      | Got an encrusted trident
  2809 | D:5      | Identified the +5 trident "Qiachom" {flame, +Inv rC- Int+6} (You found it on level 5 of the Dungeon)
  2881 | D:5      | Found a hazy altar of Hepliaklqana.
  2902 | D:5      | Found the +1 cloak of Starlight {rElec rC+ EV+4 Stlth--}
  2957 | D:5      | Reached skill level 1 in Polearms
  3259 | D:6      | Reached XP level 8. HP: 68/70 MP: 5/7
  3292 | D:6      | Reached skill level 2 in Polearms
  3295 | D:6      | Found a staircase to the Ecumenical Temple.
  3381 | D:6      | Reached *** piety under Trog
  3396 | D:6      | Reached skill level 3 in Polearms
  3472 | D:6      | Reached skill level 4 in Polearms
  3601 | D:6      | Reached skill level 5 in Polearms
  3676 | D:6      | Noticed Menkaure
  3679 | D:6      | Killed Menkaure
  3723 | D:6      | Reached skill level 6 in Polearms
  3914 | D:7      | Noticed a two-headed ogre
  3933 | D:7      | Killed a two-headed ogre
  3933 | D:7      | Reached skill level 8 in Polearms
  3933 | D:7      | Reached XP level 9. HP: 25/79 MP: 1/8
  3936 | D:7      | Reached **** piety under Trog
  4410 | D:7      | Reached skill level 9 in Polearms
  4607 | D:7      | Found a snail-covered altar of Cheibriados.
  4682 | D:7      | Reached skill level 1 in Stealth
  4684 | D:7      | Reached skill level 10 in Polearms
  4690 | D:7      | Reached XP level 10. HP: 78/90 MP: 6/9
  5069 | D:8      | Noticed Grum
  5098 | D:8      | Killed Grum
  5104 | D:8      | Reached ***** piety under Trog
  5339 | D:8      | Reached skill level 11 in Polearms
  5718 | D:9      | Found a staircase to the Orcish Mines.
  6075 | D:9      | Noticed Gastronok
  6087 | D:9      | Killed Gastronok
  6087 | D:9      | Reached skill level 10 in Fighting
  6087 | D:9      | Reached skill level 12 in Polearms
  6181 | D:9      | Found a shattered altar of Ashenzari.
  6312 | D:10     | Entered Level 10 of the Dungeon
  6350 | D:10     | Received a gift from Trog
  6389 | D:10     | Reached XP level 11. HP: 68/100 MP: 8/10
  6427 | D:10     | Noticed Maurice
  6443 | D:10     | Killed Maurice
  6501 | D:10     | Found Meon's Assorted Antiques.
  6526 | D:10     | Got a slimy quarterstaff
  6532 | D:10     | Identified the +5 quarterstaff of Kaequ {vamp, Str+3 Int+3} (You found it on level 10 of the Dungeon)
  6574 | D:10     | Noticed Erolcha
  6582 | D:10     | Killed Erolcha
  6582 | D:10     | Reached skill level 5 in Maces & Flails
  6947 | D:10     | Found a radiant altar of Vehumet.
  7102 | Orc:1    | Entered Level 1 of the Orcish Mines
  7401 | Orc:1    | Noticed an orc warlord
  7418 | Orc:1    | Killed an orc warlord
  7418 | Orc:1    | Reached skill level 10 in Armour
  7879 | Orc:2    | Entered Level 2 of the Orcish Mines
  7879 | Orc:2    | Noticed an orc sorcerer
  7883 | Orc:2    | Killed an orc sorcerer
  7904 | Orc:2    | Noticed deszczowiec's ghost (journeyman HOCK)
  7964 | Orc:2    | Noticed an orc high priest
  7965 | Orc:2    | Noticed a stone giant
  7970 | Orc:2    | Noticed a soul eater
  7975 | Orc:2    | Killed deszczowiec's ghost
  7975 | Orc:2    | Reached skill level 13 in Polearms
  7978 | Orc:2    | Found Mineor's Antique Weapon Emporium.
  7978 | Orc:2    | Found Vixiwif's Antique Armour Shoppe.
  7978 | Orc:2    | Noticed an orc high priest
  7979 | Orc:2    | Noticed an orc sorcerer
  7979 | Orc:2    | Noticed an orc knight
  7979 | Orc:2    | Noticed a soul eater
  7981 | Orc:2    | Noticed an orc sorcerer
  7987 | Orc:2    | Killed an orc high priest
  7989 | Orc:2    | Killed a stone giant
  8093 | Orc:2    | Noticed an orc sorcerer
  8101 | Orc:2    | Killed an orc sorcerer
  8220 | Orc:2    | Killed an orc knight
  8227 | Orc:2    | Reached XP level 12. HP: 102/110 MP: 9/11
  8447 | Orc:2    | Noticed an orc warlord
  8471 | Orc:2    | Killed an orc warlord
  8480 | Orc:2    | Mangled by a sun demon

Skill      XL: |  1  2  3  4  5  6  7  8  9 10 11 12 |
---------------+-------------------------------------+-----
Axes           | 4 5 6 7 8 |  8.7
Fighting       | 4 5 7 8 10 11 | 11.6
Armour         | 3 4 5 6 7 9 10 11 | 11.4
Dodging        | 3 |  3.6
Polearms       | 1 8 10 12 13 | 13.8
Stealth        | 1 |  1.1
Maces & Flails | 3 6 |  6.5
Staves         | |  0.6
Evocations     | |  0.6

Action                   |  1- 3 |  4- 6 |  7- 9 | 10-12 || total
-------------------------+-------+-------+-------+-------++-------
Melee: Hand axe          |    88 |    48 |       |       ||   136
       Headbutt          |    15 |    23 |    31 |    68 ||   137
       War axe           |       |    79 |     9 |       ||    88
       Trident           |       |       |   227 |   364 ||   591
       Dire flail        |       |       |       |    75 ||    75
       Quarterstaff      |       |       |       |     1 ||     1
Invok: Berserk           |       |       |     1 |     4 ||     5
       Brothers in Arms  |       |       |       |     8 ||     8
       Burn Spellbooks   |       |       |       |     1 ||     1
Evoke: Wand              |       |       |       |     2 ||     2
  Use: Scroll            |       |    14 |     3 |    12 ||    29
       Potion            |       |       |       |     4 ||     4
  Eat: Ration            |     1 |     2 |     4 |     9 ||    16
       Chunk             |       |       |     2 |       ||     2
Armor: Ring mail         |    36 |    11 |       |       ||    47
       Animal skin       |     1 |       |       |       ||     1
       Plate armour      |       |    57 |   101 |   202 ||   360
Dodge: Dodged            |    69 |    61 |   130 |   222 ||   482
       Deflected         |       |     2 |       |       ||     2
